AoeStats
← Dru Peacock the Flacid

Arabia

505500522Analyzed
2v2 RM · 23d ago on Sep 9, 2026· 40m 39s· 4 players
Game mode
Random Map
Map size
Medium (4 player)
Population
200
Speed
Normal
Resources
Standard
Victory
Conquest
Starting age
Dark Age
Ending age
Imperial Age
RankedLock teamsTeams togetherTeam positionsShared explorationLock speedFull tech treeHidden civsTurbo modeCheats
Victory
Defeat
🇬🇧 Mongols · United Kingdom
910
+14
🇬🇧 Armenians · United Kingdom
858
+15
🇹🇷 Spanish · Türkiye
865
-15
🇹🇷 Byzantines · Türkiye
846
-14
mahmuttuncer
10:43 Feudal Age
10:59 Man-at-Arms
14:24 Double-Bit Axe
24:58 Castle Age
24:43 Horse Collar
25:12 Scale Barding Armor
25:42 Bloodlines
28:01 Husbandry
28:11 Bloodlines
31:04 Elite Skirmisher
32:00 Padded Archer Armor
35:21 Ballistics
ERC
5:55 Loom
12:24 Feudal Age
12:54 Double-Bit Axe
12:55 Horse Collar
25:25 Castle Age
24:44 Scale Barding Armor
27:57 Stone Mining
32:35 Gold Mining
blankityblanko
6:56 Loom
9:41 Feudal Age
11:16 Double-Bit Axe
16:39 Bloodlines
16:53 Horse Collar
17:25 Scale Barding Armor
17:44 Town Watch
20:18 Forging
22:13 Wheelbarrow
24:17 Castle Age
22:55 Gold Mining
23:20 Fletching
23:31 Padded Archer Armor
26:55 Bodkin Arrow
28:03 Thumb Ring
29:36 Leather Archer Armor
29:34 Husbandry
33:39 Ballistics
35:21 Bow Saw
38:58 Imperial Age
38:22 Heavy Plow
Dru Peacock the Flacid
9:59 Loom
11:45 Feudal Age
12:10 Man-at-Arms
12:39 Arson
13:47 Scale Mail Armor
13:59 Forging
13:50 Scale Mail Armor
14:43 Double-Bit Axe
15:33 Long Swordsman
20:25 Town Watch
22:02 Wheelbarrow
24:21 Horse Collar
29:10 Castle Age
27:19 Pikeman
30:20 Halberdier
30:46 Gambesons
30:23 Two-Handed Swordsman
31:03 Squires
33:37 Champion
34:08 Champion
35:37 Bow Saw
37:11 Chain Mail Armor
40:34 Hand Cart
Connection lost

Rejoining the realm…

Still unreachable

The connection could not be restored.

Session expired

The server has moved on; the page needs a fresh start.